 Dungeon Crawl Stone Soup version 0.28-a0-1594-ga885d4b3d6 (webtiles) character file.

Game seed: 14839988219445587746

3619 kae the Ruffian (level 9, -2/88 HPs)
             Began as a Red Draconian Transmuter on Jan 20, 2022.
             Was an Initiate of Ru.
             Slain by a wolf (7 damage)
             ... led by Grum
             ... on level 8 of the Dungeon.
             The game lasted 00:07:22 (10872 turns).

kae the Ruffian (Red Draconian Transmuter)         Turns: 10872, Time: 00:07:23

Health: -2/88      AC: 11    Str: 16    XL:     9   Next: 86%
Magic:  16/16      EV: 11    Int: 15    God:    Ru [......]
Gold:   409        SH:  0    Dex: 11    Spells: 9/17 levels left

rFire   x . .      SeeInvis .     - Unarmed
rCold   + + +      Faith    .   (shield currently unavailable)
rNeg    . . .      Spirit   .   (armour unavailable)
rPois   +          Reflect  .   (helmet currently unavailable)
rElec   .          Harm     .   (cloak currently unavailable)
rCorr   .          Rampage  .   (gloves currently unavailable)
Will    .....                   (boots currently unavailable)
Stlth   +.........              z - amulet of the acrobat
HPRegen 0.24/turn               s - +4 ring of protection
MPRegen 0.15/turn               j - ring of wizardry

@: ice-form (expiring), marked
A: freezing attack, amphibious, boosted hp, (breathe fire), AC +7, large,
unfitting armour, (fire resistance 1), (cold-blooded)
a: End Transformation, Renounce Religion


You were on level 8 of the Dungeon.
You worshipped Ru.
Ru was noncommittal.
You were a creature of crystalline ice.
You visited 2 branches of the dungeon, and saw 10 of its levels.

You collected 422 gold pieces.
You spent 13 gold pieces at shops.

Inventory:

Missiles
 r - 3 throwing nets
Armour
 g - a +2 pair of gloves (melded)
Jewellery
 c - a ring of poison resistance
 j - a ring of wizardry (right front paw)
 q - a ring of wizardry
 s - a +4 ring of protection (left front paw)
 z - an amulet of the acrobat (around neck)
Wands
 a - a wand of mindburst (10)
 n - a wand of charming (11)
 p - a wand of acid (3)
 v - a wand of iceblast (7)
Scrolls
 l - 3 scrolls of enchant armour
 o - 3 scrolls of teleportation
 y - a scroll of magic mapping
Potions
 b - a potion of lignification
 d - 6 potions of curing
 f - 4 potions of mutation
 h - a potion of degeneration
 i - a potion of might
 k - 3 potions of haste {unknown}
 m - a potion of berserk rage {unknown}
 t - a potion of attraction {unknown}
 u - a potion of magic {unknown}
 x - a potion of brilliance {unknown}


   Skills:
 + Level 5.4 Fighting
 + Level 4.7 Dodging
 * Level 7.7 Unarmed Combat
 + Level 4.9 Spellcasting
 * Level 7.2 Transmutations
 - Level 4.0 Ice Magic
 - Level 2.0 Poison Magic


You had 9 spell levels left.
You knew the following spells:

 Your Spells              Type           Power      Damage    Failure   Level
a - Beastly Appendage     Tmut           50%        N/A       1%          1
b - Spider Form           Tmut/Pois      17%        N/A       3%          3
c - Ice Form              Ice/Tmut       20%        N/A       6%          4

Your spell library contained the following spells:

 Spells                   Type           Power      Damage    Failure   Level
 Wereblood                Tmut           25%        N/A       1%          2
 Magic Dart               Conj           12%        1d3       7%          1
 Poisonous Vapours        Pois/Air       12%        N/A       7%          2
 Blade Hands              Tmut           12%        N/A       10%         5
 Call Imp                 Summ           3%         N/A       11%         2
 Corpse Rot               Necr/Air       6%         N/A       11%         2
 Mephitic Cloud           Conj/Pois/Air  5%         N/A       16%         3
 Irradiate                Conj/Tmut      7%         3d16      38%         5
 Dragon Form              Tmut           12%        N/A       94%         7


Dungeon Overview and Level Annotations

Branches:
Dungeon (9/15)             Temple (1/1) D:7
   Lair: D:8-11         Orc: D:9-12

Altars:
Ashenzari
Cheibriados
Dithmenos
Elyvilon
Fedhas
Gozag
Hepliaklqana
Kikubaaqudgha
Makhleb
Nemelex Xobeh
Okawaru
Qazlal
Ru
Sif Muna
Uskayaw
Vehumet
Wu Jian
Xom
Yredelemnul
Zin
The Shining One

Shops:
D:3 *

Annotations:
D:9 Grum, Harold


Innate Abilities, Weirdness & Mutations

You are a creature of crystalline ice.
You have a powerful freezing melee attack.
You are amphibious.
Your maximum health is increased.
Your armour is entirely melded.
You are incapable of wielding weapons or throwing items.
((You can breathe blasts of fire.))
((Your fiery red scales are hard. (AC +7)))
You cannot fit into any form of body armour.
((Your flesh is heat resistant. (rF+)))
((You are cold-blooded and may be slowed by cold attacks.))


Message History

Grum hits you from afar with a +0 spear.
The water moccasin bites you.
The wolf bites you but does no damage. x2
The wolf bites you.
* * * LOW HITPOINT WARNING * * *
You rip the net and break free!
The wolf closely misses you. The water moccasin barely misses you.
The wolf closely misses you. Grum hits you but does no damage.
The wolf barely misses you. The wolf closely misses you.
The water moccasin bites you but does no damage.
The wolf bites you.
* * * LOW HITPOINT WARNING * * *
The wolf barely misses you. The wolf bites you.
* * * LOW HITPOINT WARNING * * *
Grum barely misses you. The wolf barely misses you.
The water moccasin completely misses you.
The wolf closely misses you.
You climb upwards.
There is a stone staircase leading down here.
Unknown command.
Unknown command.
Okay, then.
You feel much better. The wolf bites you! The wolf barely misses you.
The wolf bites you.
* * * LOW HITPOINT WARNING * * *
The water moccasin bites you.
* * * LOW HITPOINT WARNING * * *
The wolf bites you.
* * * LOW HITPOINT WARNING * * *
The wolf bites you but does no damage. The wolf bites you!
* * * LOW HITPOINT WARNING * * *
As you read the scroll labelled FYDIST XADOS, it crumbles to dust.
It is a scroll of brand weapon.
You aren't carrying any weapons that can be branded.
Your transformation is almost over.
The wolf bites you but does no damage. The water moccasin closely misses you.
The wolf barely misses you. The wolf bites you.
* * * LOW HITPOINT WARNING * * *
The water moccasin barely misses you. The wolf bites you but does no damage.
The wolf bites you!
You die...

.########≈≈≈≈##.........#........
......#.'≈≈≈≈'..####....#.##.####
#####...#≈≈≈≈#.....#.####.#......
#.###≈≈≈≈#..##.#.# #........
#...######..##.#.#########..#
#.......##<.##............... ###
#.......###.###....#######..#
..####.########hhS'.............#
...............hY##.......<.....#
#.####.###.##'#####....######)#.#
..# #.# #.....# ###.#.......#..
..####.###.....## #[#.#########
.##.............# #.#.#
###........##.#.# #.#.# #
#.........#.#.# #.#.# #
#.......#.#.#.# #.#.#
#.......#.#.#.# #.#.# #####


You could see a water moccasin and 3 wolves.

Vanquished Creatures
  2 two-headed ogres (D:8)
  Pikel (D:5)
  A spriggan (D:8)
  A wyvern (D:8)
  2 steam dragons
  An acid dragon (D:7)
  A water moccasin (D:8)
  An orc warrior (D:6)
  A centaur (D:7)
  A wolf (D:9)
  An ogre (D:6)
  A kobold brigand (D:3)
  2 bullfrogs
  A scorpion (D:5)
  A wyvern skeleton (D:6)
  A jelly (D:7)
  A gnoll shaman (D:6)
  Ijyb (D:2)
  2 iguanas
  5 orc wizards
  A hound skeleton (D:5)
  9 adders
  8 gnolls
  A white imp (D:7)
  2 ufetubi
  An adder skeleton (D:2)
  2 worms
  5 dart slugs
  26 orcs
  6 ball pythons
  8 endoplasms
  5 giant cockroaches
  13 goblins
  3 hobgoblins
  3 quokkas
  8 bats
  7 frilled lizards
  10 kobolds
  7 rats
153 creatures vanquished.

Vanquished Creatures (others)
  An orc (D:8)
  A plant (D:3)
2 creatures vanquished.

Grand Total: 155 creatures vanquished

Notes
Turn   | Place    | Note
-------+----------+-------------------------------------------
     0 | D:1      | kae the Draconian Transmuter began the quest for the Orb.
     0 | D:1      | Reached XP level 1. HP: 16/16 MP: 3/3
   452 | D:1      | Reached XP level 2. HP: 20/23 MP: 3/5
  1437 | D:2      | Reached XP level 3. HP: 28/28 MP: 4/6
  1441 | D:2      | Learned a level 3 spell: Spider Form
  1639 | D:2      | Noticed Ijyb
  1665 | D:2      | Killed Ijyb
  1961 | D:2      | Reached XP level 4. HP: 27/36 MP: 5/7
  2086 | D:2      | Reached skill level 1 in Poison Magic
  2096 | D:2      | You fall into a shaft and drop 1 floor!
  2220 | D:3      | Noticed a kobold brigand
  2235 | D:3      | Killed a kobold brigand
  2236 | D:3      | Reached XP level 5. HP: 23/41 MP: 2/8
  2589 | D:3      | Found Haluam's General Store.
  2595 | D:3      | Bought a potion of degeneration for 13 gold pieces
  3044 | D:2      | Found a faded altar of an unknown god.
  4911 | D:4      | Reached XP level 6. HP: 36/49 MP: 8/10
  5530 | D:5      | Entered Level 5 of the Dungeon
  5653 | D:5      | Noticed Pikel
  5667 | D:5      | Killed Pikel
  5668 | D:5      | Reached skill level 5 in Unarmed Combat
  5668 | D:5      | Your scales start taking on a fiery red colour.
  5668 | D:5      | Reached XP level 7. HP: 40/57 MP: 8/12
  5668 | D:5      | Gained mutation: Your flesh is heat resistant. (rF+) [Red
                  | Draconian growth]
  6376 | D:6      | Learned a level 4 spell: Ice Form
  6592 | D:6      | Reached skill level 5 in Transmutations
  6928 | D:6      | Reached XP level 8. HP: 63/66 MP: 11/13
  7337 | D:6      | Reached skill level 1 in Ice Magic
  7503 | D:6      | Found a broken altar of Ashenzari.
  8707 | D:7      | Found a staircase to the Ecumenical Temple.
  8796 | Temple   | Entered the Ecumenical Temple
  8924 | Temple   | Became a worshipper of Ru the Awakened
  9893 | D:8      | Noticed a two-headed ogre
  9893 | D:8      | Noticed a two-headed ogre
  9900 | D:8      | Reached XP level 9. HP: 72/72 MP: 15/15
  9913 | D:8      | Killed a two-headed ogre
  9919 | D:8      | Killed a two-headed ogre
  9920 | D:8      | Reached skill level 5 in Fighting
 10020 | D:8      | Found the +7 pair of quick blades "Gyre" and "Gimble"
                  | {protect}
 10304 | D:9      | Noticed Harold
 10844 | D:9      | Noticed Grum
 10872 | D:8      | Slain by a wolf

Illustrated notes

Levels and vault maps discovered:
D:1:      tarquinn_simple_flora_water_b, layout_loops_corners
D:2:      kennysheep_the_goblin_king, layout_loops_corners,
          hellmonk_ecumenical_altar_leap_of_faith, minmay_diced_spiral
D:3:      minmay_octagon_keep, layout_loops_ring, serial_shops, shop,
          serial_forest, infiniplex_forest_diagonal,
          infiniplex_forest_straight_4, infiniplex_forest_straight_3,
          infiniplex_forest_lined_3, infiniplex_forest_lined_corner,
          infiniplex_forest_lined_2, infiniplex_forest_clump_medium
D:4:      layout_basic
D:5:      layout_loops_ring, corexii_corridor_pit, due_unseen_surprise,
          uniq_pikel
D:6:      layout_loops_corners, cheibrodos_ashenzari_chains, grunt_ministairs_4,
          chequers_serial_rivers_small_b
D:7:      layout_cave_pools, minmay_temple_entry_enclosed_plants
D:8:      layout_basic, chequers_serial_rivers_room_b,
          hellmonk_guarded_unrand_gyre_and_gimble
D:9:      layout_rooms, kennysheep_mini, orc_david_3, uniq_harold, uniq_grum
Temple:   regret_index_temple_chain_breaker

Skill      XL: |  1  2  3  4  5  6  7  8  9 |
---------------+----------------------------+-----
Dodging        | 2 3 4 |  4.7
Poison Magic   | 1 2 |  2.0
Fighting       | 2 3 4 5 |  5.4
Transmutations | 3 4 5 6 7 |  7.2
Unarmed Combat | 4 5 6 7 |  7.7
Spellcasting   | 3 4 |  4.9
Ice Magic      | 2 4 |  4.0

Action                   |  1- 3 |  4- 6 |  7- 9 || total
-------------------------+-------+-------+-------++-------
Melee: Unarmed           |   108 |   150 |   178 ||   436
       Tailslap          |     9 |     9 |     3 ||    21
       Kick              |    18 |    27 |       ||    45
       Headbutt          |    12 |    13 |     1 ||    26
       Punch             |       |     4 |       ||     4
 Cast: Beastly Appendage |    23 |    25 |     3 ||    51
       Spider Form       |     2 |     6 |    12 ||    20
       Ice Form          |       |       |    18 ||    18
 Abil: Breathe Fire      |       |       |     7 ||     7
Evoke: Wand              |       |       |     6 ||     6
  Use: Scroll            |     2 |     5 |     7 ||    14
       Potion            |       |     1 |     1 ||     2
 Stab: Sleeping          |     1 |       |       ||     1
Armor: Skin              |    30 |    43 |    64 ||   137
Dodge: Dodged            |    79 |    97 |   161 ||   337

Table legend: (Time is in decaauts)
 A = Elapsed time spent in this place.
 B = Non-inter-level travel time spent in this place.
 C = Inter-level travel time spent in this place.
 D = Time resting spent in this place.
 E = Time spent auto-exploring this place.
 F = Levels seen in this place.
 G = Mean time per level.
                   A        B        C        D        E       F      G
               +--------+--------+--------+--------+--------+-----+--------+
         Total |  10841 |  10250 |    591 |    737 |   8168 |  10 | 1084.1 |
       Dungeon |  10708 |  10131 |    577 |    737 |   8069 |   9 | 1189.8 |
        Temple |    133 |    119 |     14 |      0 |     99 |   1 |  133.0 |
               +--------+--------+--------+--------+--------+-----+--------+

Top non-repeatable levels by time:
     D:6: 1744 daAuts
     D:2: 1546 daAuts
     D:3: 1479 daAuts
     D:8: 1446 daAuts
     D:1: 1430 daAuts
     D:4: 1059 daAuts
     D:7: 936 daAuts
     D:5: 914 daAuts
     D:9: 149 daAuts
  Temple: 133 daAuts
